 Dungeon Crawl Stone Soup version 0.26-a0-519-gb2f46ef (webtiles) character file.

Game seed: 9867295637640381321

11908 relicbr the Thaumaturge (level 11, 0/97 HPs)
             Began as a Naga Ice Elementalist on Aug 11, 2020.
             Was a Priest of Vehumet.
             Slain by Urug
             ... wielding a +6 eveningstar of draining
              (6 damage)
             ... on level 2 of the Lair of Beasts.
             The game lasted 00:44:43 (15297 turns).

relicbr the Thaumaturge (Naga Ice Elementalist)    Turns: 15297, Time: 00:44:43

Health: 0/97       AC:  8    Str: 11    XL:     11   Next: 85%
Magic:  10/25      EV: 11    Int: 19    God:    Vehumet [***...]
Gold:   589        SH:  0    Dex: 11    Spells: 14/30 levels left

rFire    + . .     SeeInvis +   a - +0 dagger (elec)
rCold    . . .     Faith    .   (no shield)
rNeg     + . .     Spirit   .   O - +2 robe {rN+}
rPois    +         Reflect  .   P - +1 helmet
rElec    .         Harm     .   C - scarf {repulsion}
rCorr    .                      (no gloves)
MR       +....                  (no barding)
Stlth    +++.......             (no amulet)
HPRegen  0.26/turn              N - ring of protection from fire
MPRegen  0.19/turn              u - ring of wizardry

@: frozen ramparts, heavily drained, repel missiles, very slow
A: large, see invisible, deformed body, poison resistance, slowness 2, spit
poison 1, AC +3
a: Spit Poison, Renounce Religion


You were on level 2 of the Lair of Beasts.
You worshipped Vehumet.
Vehumet was most pleased with you.
You visited 3 branches of the dungeon, and saw 13 of its levels.
You also visited: Volcano.

You collected 589 gold pieces.

Inventory:

Hand Weapons
 a - a +0 dagger of electrocution (weapon)
Missiles
 J - 2 throwing nets (quivered)
Armour
 q - a +0 troll leather armour
 s - a +1 leather armour of fire resistance
 v - a +0 cloak
 A - a +0 chain mail of cold resistance
 C - a scarf of repulsion (worn)
 O - a +2 robe of positive energy (worn)
 P - a +1 helmet (worn)
Magical Staves
 b - an uncursed staff of conjuration
 M - an uncursed staff of energy
Jewellery
 d - an uncursed ring of protection from magic
 n - a +6 ring of strength
 u - a ring of wizardry (right hand)
 N - a ring of protection from fire (left hand)
Wands
 h - a wand of enslavement (10)
 j - a wand of random effects (35)
 p - a wand of acid (6)
 w - a wand of paralysis (3)
 y - a wand of polymorph (8)
 D - a wand of disintegration (46)
 F - a wand of iceblast (14)
 K - a wand of digging (7)
Scrolls
 c - 3 scrolls of amnesia
 e - 2 scrolls of fear
 k - 5 scrolls of teleportation
 m - 2 scrolls of blinking
 t - 4 scrolls of enchant weapon
 B - a scroll of noise
 E - a scroll of torment {unknown}
 I - 3 scrolls of remove curse
Potions
 f - a potion of stabbing {unknown}
 g - 3 potions of heal wounds
 i - 3 potions of berserk rage
 l - 4 potions of curing
 o - a potion of brilliance {unknown}
 r - a potion of invisibility {unknown}
 x - 3 potions of haste
 z - a potion of flight {unknown}
 G - a potion of mutation {unknown}
 H - a potion of resistance {unknown}
 L - 3 potions of might {unknown}


   Skills:
 - Level 6.1(4.5) Fighting
 - Level 0.1(0.0) Short Blades
 - Level 1.0(0.0) Staves
 - Level 5.0(3.5) Dodging
 - Level 7.2(5.5) Stealth
 - Level 10.0(8.2) Spellcasting
 - Level 6.0(4.4) Conjurations
 - Level 0.1(0.0) Summonings
 - Level 8.3(6.6) Ice Magic
 - Level 6.0(4.4) Earth Magic
 * Level 3.4(1.9) Evocations


You had 14 spell levels left.
You knew the following spells:

 Your Spells              Type           Power        Failure   Level
a - Freeze                Ice            ####         1%          1
b - Frozen Ramparts       Ice            ####..       1%          3
c - Stone Arrow           Conj/Erth      ###...       1%          3
d - Summon Ice Beast      Ice/Summ       ###.....     9%          4
e - Lee's Rapid Deconstr  Erth           ###.......   4%          5

Your spell library contained the following spells:

 Spells                   Type           Power        Failure   Level
 Fulminant Prism          Conj/Hex       ###.......   4%          4
 Sandblast                Erth           ###...       1%          1
 Ozocubu's Armour         Ice            ####....     1%          3
 Hailstorm                Conj/Ice       ####....     1%          4
 Passwall                 Tmut/Erth      ###.....     2%          2
 Beastly Appendage        Tmut           #.....       3%          1
 Wereblood                Tmut           #.......     6%          2
 Ice Form                 Ice/Tmut       ###.....     9%          4
 Confusing Touch          Hex            #.......     11%         3
 Gell's Gravitas          Tloc           #.........   11%         3
 Spider Form              Tmut/Pois      #.........   11%         3
 Petrify                  Tmut/Erth      ###.....     14%         4
 Yara's Violent Unravell  Hex/Tmut       #.........   24%         5
 Metabolic Englaciation   Hex/Ice        ###.......   26%         5
 Summon Lightning Spire   Summ/Air       #.......     32%         4
 Conjure Ball Lightning   Conj/Air       ###.......   45%         6
 Blade Hands              Tmut           #.........   65%         5
 Silence                  Hex/Air        #.........   65%         5
 Tornado                  Air            #.........   100%        9


Dungeon Overview and Level Annotations

Branches:
Dungeon (10/15)            Temple (1/1) D:4            Lair (2/6) D:9
Volcano (visited)
  Swamp: Lair:2-4    Shoals: Lair:2-4     Snake: Lair:2-4    Spider: Lair:2-4
    Orc: D:9-12

Altars:
Ashenzari
Cheibriados
Dithmenos
Elyvilon
Fedhas
Gozag
Hepliaklqana
Kikubaaqudgha
Makhleb
Nemelex Xobeh
Okawaru
Qazlal
Ru
Sif Muna
Trog
Uskayaw
Vehumet
Wu Jian
Xom
Yredelemnul
Zin
The Shining One

Shops:
D:5 :   D:7 !

Annotations:
D:6 1 runed translucent door, frankcastle's ghost, novice HuWn
Lair:2 Urug


Innate Abilities, Weirdness & Mutations

You cannot wear boots.
Your serpentine skin is tough. (AC +3)
You have supernaturally acute eyesight. (SInv)
Armour fits poorly on your strangely shaped body.
Your system is resistant to poisons. (rPois)
You cover ground very slowly.
You can spit poison.


Message History

Aim: Urug, wielding a +6 eveningstar of draining and wearing a +0 scale mail (heavily wounded, fast) Really fire in your ice beast's direction?
The stone arrow hits Urug!
Urug is severely wounded.
The wall freezes Urug but do no damage.
Urug mutters, "Sometimes I wonder if they all really are harpies."
Urug hits you with a +6 eveningstar of draining!
* * * LOW HITPOINT WARNING * * *
You partially resist.
You feel drained.
Your ice beast closely misses Urug.
The wall freezes Urug.
Urug hits you with a +6 eveningstar of draining!
* * * LOW HITPOINT WARNING * * *
You partially resist.
You feel drained.
Unknown command.
You feel much better.
The wall freezes Urug.
Urug mutters, "Sometimes I wonder if they all really are harpies."
Urug hits you with a +6 eveningstar of draining!!!
* * * LOW HITPOINT WARNING * * *
You partially resist.
You feel drained.
You die...

...........# #.. ..........>#
...............#
##...o..........# #
...............# #.
#..##..........#
#..##...#..........#
.......##....>.....#
#..@oY.........##
.##..#............#
.........#.(........## ...
##((.......[.....#..# ....
#..........#....#..#
.......###<..)........#..#..#
.......P#....P......##......##
.........#...#......###......#
............##.......##.....##


You could see Urug (fast) and a friendly ice beast (summoned).

Vanquished Creatures
  A fire dragon (D:8)
  Erolcha (D:9)
  A two-headed ogre (D:10)
  Pikel (D:9)
  2 orc knights (D:8)
  An ugly thing (Volcano)
  Maurice (D:8)
  A komodo dragon (Lair:2)
  A troll (D:9)
  Sigmund (D:2)
  8 yaks (D:10)
  A wyvern (D:6)
  A basilisk (Lair:1)
  A steam dragon (D:7)
  2 hell hounds (Volcano)
  A porcupine (Lair:1)
  A black bear (Lair:2)
  2 ice beasts
  An orc warrior (D:10)
  3 ogres
  6 centaurs
  A phantom (D:8)
  4 wolves (D:9)
  A crocodile (Lair:1)
  3 lemures (D:9)
  A nameless horror (D:4)
  2 bullfrogs (D:10)
  A gnoll sergeant (D:10)
  3 scorpions
  A water moccasin skeleton (D:9)
  10 killer bees
  5 wights
  3 howler monkeys
  2 electric eels (D:9)
  A bullfrog zombie (D:6)
  A centaur zombie (D:5)
  A quasit (D:9)
  10 hounds
  4 orc priests
  3 bullfrog skeletons
  A jelly (D:9)
  Jessica (D:2)
  A centaur skeleton (D:8)
  7 worker ants
  3 iguanas
  10 orc wizards
  2 hound skeletons
  Robin (D:3)
  A howler monkey zombie (D:5)
  A worker ant zombie (D:4)
  16 gnolls
  8 adders
  3 shadow imps
  2 ufetubi (D:8)
  2 oozes (D:2)
  3 adder zombies
  3 adder skeletons
  A dart slug (D:1)
  2 leopard geckos
  29 orcs
  3 giant cockroaches
  18 goblins
  9 hobgoblins
  4 jackals
  2 quokkas
  10 bats
  7 frilled lizards
  A jackal zombie (D:5)
  9 kobolds
  A quokka skeleton (D:5)
  16 rats
272 creatures vanquished.

Vanquished Creatures (collateral kills)
  A two-headed ogre (D:10)
  An ugly thing (D:9)
  A smoke demon (Volcano)
  A komodo dragon (Lair:1)
  A water moccasin (D:10)
  A phantom (D:7)
  A big kobold (D:7)
  A bullfrog (D:7)
  A gnoll sergeant (D:7)
  A scorpion (D:8)
  A wight (D:6)
  A hound (D:9)
  2 worker ants
  A mummy (D:7)
  A gnoll (D:7)
  2 adders
  An orc (D:5)
  5 kobolds (D:7)
24 creatures vanquished.

Grand Total: 296 creatures vanquished

Notes
Turn   | Place    | Note
-------+----------+-------------------------------------------
     0 | D:1      | relicbr the Naga Ice Elementalist began the quest for the
                  | Orb.
     0 | D:1      | Reached XP level 1. HP: 15/15 MP: 3/3
   339 | D:1      | Reached XP level 2. HP: 22/22 MP: 3/5
   805 | D:1      | Reached XP level 3. HP: 20/28 MP: 3/6
   810 | D:1      | Learned a level 3 spell: Frozen Ramparts
   919 | D:1      | Reached skill level 5 in Ice Magic
  1458 | D:2      | Found a faded altar of an unknown god.
  1540 | D:2      | Reached XP level 4. HP: 33/36 MP: 1/7
  1612 | D:2      | Reached XP level 5. HP: 40/42 MP: 3/8
  1685 | D:2      | Noticed Jessica
  1688 | D:2      | Killed Jessica
  2034 | D:2      | Noticed Sigmund
  2097 | D:2      | Killed Sigmund
  2097 | D:2      | Reached XP level 6. HP: 35/49 MP: 1/9
  2123 | D:2      | Noticed a phantom
  2493 | D:3      | Noticed Robin
  2507 | D:3      | Killed Robin
  3016 | D:3      | Reached XP level 7. HP: 55/55 MP: 6/10
  3170 | D:4      | Found a shattered altar of Ashenzari.
  3268 | D:4      | Learned a level 4 spell: Summon Ice Beast
  3350 | D:4      | Reached skill level 3 in Spellcasting
  3492 | D:4      | Found a staircase to the Ecumenical Temple.
  3501 | D:4      | Noticed a nameless horror
  3530 | D:4      | Killed a nameless horror
  3819 | D:4      | Reached skill level 4 in Spellcasting
  4060 | D:4      | Reached XP level 8. HP: 62/62 MP: 10/15
  4210 | Temple   | Entered the Ecumenical Temple
  4471 | Temple   | Became a worshipper of Vehumet
  4580 | D:5      | Entered Level 5 of the Dungeon
  4611 | D:5      | Reached skill level 5 in Spellcasting
  4733 | D:5      | Noticed a wyvern
  4905 | D:5      | Found Dilos's Book Shop.
  5237 | D:5      | Reached skill level 6 in Spellcasting
  5535 | D:5      | Reached skill level 1 in Fighting
  5592 | D:5      | Found a shimmering altar of Xom.
  6046 | D:6      | Reached * piety under Vehumet
  6046 | D:6      | Offered knowledge of Shock by Vehumet.
  6456 | D:6      | Reached skill level 1 in Staves
  6956 | D:6      | Found a runed translucent door.
  6957 | D:6      | Noticed an orc knight
  6958 | D:6      | Noticed frankcastle's ghost (novice HuWn)
  7003 | D:6      | Reached skill level 5 in Fighting
  7003 | D:6      | Reached XP level 9. HP: 65/81 MP: 14/18
  7520 | D:7      | Found an opulent altar of Gozag.
  7520 | D:7      | Found a shadowy altar of Dithmenos.
  7520 | D:7      | Found an ornate altar of the Wu Jian Council.
  7676 | D:7      | Found a snail-covered altar of Cheibriados.
  7685 | D:7      | Reached ** piety under Vehumet
  7851 | D:7      | Found Miux's Distillery.
  7858 | D:7      | Offered knowledge of Magic Dart by Vehumet.
  8707 | D:7      | Found a hide-covered altar of Uskayaw.
  8889 | D:7      | Reached skill level 5 in Dodging
  9002 | D:7      | Found a bloodstained altar of Trog.
  9003 | D:7      | Found a sacrificial altar of Ru.
  9140 | D:8      | Found a shimmering blue altar of Sif Muna.
  9140 | D:8      | Found a burning altar of Makhleb.
  9141 | D:8      | Found an iron altar of Okawaru.
  9413 | D:8      | Noticed an orc knight
  9423 | D:8      | Killed an orc knight
  9423 | D:8      | Reached XP level 10. HP: 61/91 MP: 7/19
  9547 | D:8      | Learned a level 3 spell: Stone Arrow
  9567 | D:8      | Noticed an orc knight
  9569 | D:8      | Noticed a fire dragon
  9603 | D:8      | Killed an orc knight
 10020 | D:8      | Found a glowing golden altar of the Shining One.
 10110 | D:8      | Noticed Maurice
 10126 | D:8      | Killed Maurice
 10231 | D:8      | Killed a fire dragon
 10231 | D:8      | Reached skill level 5 in Conjurations
 10762 | D:8      | Offered knowledge of Conjure Flame by Vehumet.
 10851 | D:8      | Got a twisted shortbow
 10858 | D:8      | Identified the +6 shortbow "Ymerphic" {flame, rElec MR+
                  | MP-9 Int+3} (You found it on level 8 of the Dungeon)
 10995 | D:8      | Found a shimmering altar of Xom.
 11176 | D:9      | Noticed a green ugly thing
 11183 | D:9      | Killed a green ugly thing
 11183 | D:9      | Reached skill level 7 in Spellcasting
 11675 | D:9      | Noticed Erolcha
 11685 | D:9      | Killed Erolcha
 11685 | D:9      | Reached skill level 8 in Spellcasting
 12087 | D:9      | Noticed Pikel
 12099 | D:9      | Killed Pikel
 12099 | D:9      | Reached XP level 11. HP: 83/97 MP: 11/23
 12108 | D:9      | Reached skill level 9 in Spellcasting
 12128 | D:9      | Reached *** piety under Vehumet
 12595 | D:9      | Found a staircase to the Lair.
 13006 | D:10     | Entered Level 10 of the Dungeon
 13086 | D:10     | Found a white marble altar of Elyvilon.
 13087 | D:10     | Noticed a two-headed ogre
 13100 | D:10     | Killed a two-headed ogre
 13109 | D:10     | Reached skill level 10 in Spellcasting
 13112 | D:10     | Reached skill level 1 in Earth Magic
 13261 | D:10     | Learned a level 5 spell: Lee's Rapid Deconstruction
 13354 | D:10     | Offered knowledge of Fulminant Prism by Vehumet.
 13837 | D:10     | Noticed a two-headed ogre
 13847 | D:10     | Killed a two-headed ogre
 13847 | D:10     | Reached skill level 5 in Earth Magic
 14254 | Lair:1   | Entered Level 1 of the Lair of Beasts
 14305 | Lair:1   | Found a dark tunnel.
 14310 | Volcano  | Entered a volcano
 14314 | Volcano  | Noticed a red ugly thing
 14324 | Volcano  | Killed a red ugly thing
 14344 | Volcano  | Reached skill level 1 in Evocations
 15263 | Lair:2   | Noticed Urug
 15290 | Lair:2   | HP: 4/97 [Urug/javelin (17)]
 15297 | Lair:2   | Slain by Urug

Illustrated notes

Levels and vault maps discovered:
D:1:      dpeg_arrival_brainrot, layout_loops_ring, minmay_rat_gold_closets
D:2:      layout_rooms, chequers_ecumenical_altar_lobes, uniq_jessica,
          uniq_sigmund
D:3:      layout_basic, uniq_robin
D:4:      layout_basic, ashenzari_altar_1, minmay_temple_entry_large_hall
D:5:      kennysheep_big_flooded_room, layout_basic, serial_shops, shop,
          xom_teletrap_fun
D:6:      layout_loops_corners, ebering_ghost_inner_flame
D:7:      layout_gridville, slow_altar_1, marbit_many_paths, minitemple,
          chequers_temple_overflow_statue_of_worship, serial_shops, shop
D:8:      minmay_the_grid_plus_closed [minmay_the_grid_eight,
          minmay_the_grid_expand, minmay_the_grid_holed_spiral,
          minmay_the_grid_square_x, minmay_the_grid_prize_diamond_cup],
          layout_cave_pools, nicolae_overflow_quartered_altars,
          nicolae_tso_swordbearing_angel, uniq_maurice
D:9:      layout_stronghold, erik_lair_island, hangedman_abyss_or_decor_stabs,
          uniq_erolcha, uniq_pikel
D:10:     layout_roguey, basic_altar
Temple:   compressed_dpeg_triangle_lava_temple
Lair:1:   layout_cellular_growth, nicolae_volcano_entry_lava_flow
Lair:2:   layout_long_grid, lemuel_fruit_tree, uniq_urug

Skill      XL: |  1  2  3  4  5  6  7  8  9 10 11 |
---------------+----------------------------------+-----
Ice Magic      | 5 6 7 8 |  8.3
Spellcasting   | 4 6 8 10 | 10.0
Fighting       | 5 6 |  6.1
Staves         | 1 |  1.0
Dodging        | 5 |  5.0
Stealth        | 7 |  7.2
Conjurations   | 6 |  6.0
Earth Magic    | 6 |  6.0
Evocations     | 3 |  3.4
Short Blades   | |  0.1
Summonings     | |  0.1

Action                   |  1- 3 |  4- 6 |  7- 9 | 10-12 || total
-------------------------+-------+-------+-------+-------++-------
Melee: Short sword       |    18 |     2 |       |       ||    20
       Dagger            |       |    59 |   216 |   124 ||   399
       Staff             |       |       |     1 |     1 ||     2
 Cast: Freeze            |    18 |     4 |    16 |    15 ||    53
       Frozen Ramparts   |     2 |    11 |    45 |    44 ||   102
       Summon Ice Beast  |       |       |    19 |    32 ||    51
       Stone Arrow       |       |       |       |    44 ||    44
 Abil: Spit Poison       |    26 |    23 |    18 |     7 ||    74
Evoke: Wand              |       |       |     2 |    16 ||    18
  Use: Scroll            |       |     5 |     2 |     8 ||    15
       Potion            |       |       |       |     5 ||     5
 Stab: Sleeping          |     3 |       |     2 |     3 ||     8
       Distracted        |       |       |       |     1 ||     1
Armor: Robe              |     5 |    11 |    79 |    38 ||   133
Dodge: Dodged            |    25 |    23 |   137 |   114 ||   299

Table legend: (Time is in decaauts)
 A = Elapsed time spent in this place.
 B = Non-inter-level travel time spent in this place.
 C = Inter-level travel time spent in this place.
 D = Time resting spent in this place.
 E = Time spent auto-exploring this place.
 F = Levels seen in this place.
 G = Mean time per level.
                   A        B        C        D        E       F      G
               +--------+--------+--------+--------+--------+-----+--------+
         Total |  18506 |  17649 |    857 |   1551 |  13558 |  14 | 1321.9 |
       Dungeon |  16761 |  15981 |    780 |   1551 |  12142 |  10 | 1676.1 |
        Temple |    390 |    345 |     45 |      0 |    338 |   1 |  390.0 |
          Lair |   1238 |   1207 |     31 |      0 |   1025 |   2 |  619.0 |
       Volcano |    115 |    115 |      0 |      0 |     51 |   1 |  115.0 |
               +--------+--------+--------+--------+--------+-----+--------+

Top non-repeatable levels by time:
     D:6: 2499 daAuts
     D:9: 2338 daAuts
     D:8: 2187 daAuts
     D:5: 1808 daAuts
     D:1: 1782 daAuts
     D:4: 1529 daAuts
    D:10: 1389 daAuts
     D:7: 1184 daAuts
     D:2: 1118 daAuts
  Lair:1: 1086 daAuts
     D:3: 922 daAuts
  Temple: 390 daAuts
  Lair:2: 152 daAuts
 Volcano: 115 daAuts
